AoeStats
← simirfan

Black Forest

513005332Analyzed
3v3 RM · 4d ago on Oct 11, 2026· 43m 9s· 6 players
Game mode
Random Map
Map size
Normal (6 player)
Population
200
Speed
Normal
Resources
Standard
Victory
Conquest
Starting age
Dark Age
Ending age
Imperial Age
RankedLock teamsTeams togetherTeam positionsShared explorationLock speedFull tech treeHidden civsTurbo modeCheats
Victory
Defeat
🇬🇧 Slavs · United Kingdom
1221
+14
🇩🇪 Danes · Germany
1193
+15
🇷🇺 Italians · Russia
1111
+17
vs
🇹🇷 Celts · Türkiye
1181
-16
🇹🇷 Bohemians · Türkiye
1159
-15
🇹🇷 Italians · Türkiye
1155
-15
M.S.
0:26 Loom
23:12 Feudal Age
26:04 Horse Collar
30:08 Castle Age
29:56 Wheelbarrow
29:49 Double-Bit Axe
31:33 Bow Saw
35:53 Heavy Plow
38:55 Fervor
42:39 Imperial Age
40:19 Town Watch
41:17 Hand Cart
41:18 Town Patrol
42:40 Forging
42:36 Scale Barding Armor
43:19 Husbandry
45:55 Imperial Age
simirfan
0:27 Loom
12:59 Feudal Age
16:08 Man-at-Arms
25:07 Horse Collar
26:45 Fishing Lines
33:53 Castle Age
33:17 Double-Bit Axe
35:48 Wheelbarrow
34:59 Town Watch
35:48 Coinage
35:45 Bow Saw
36:40 Gillnets
37:18 Caravan
38:53 Scale Mail Armor
39:04 Forging
43:17 Imperial Age
43:47 Imperial Age
Geosim
0:26 Loom
12:18 Feudal Age
13:38 Double-Bit Axe
16:35 Castle Age
15:17 Fletching
15:28 Padded Archer Armor
16:51 Crossbowman
21:00 Bodkin Arrow
21:11 Horse Collar
23:14 Stone Mining
23:14 Gold Mining
24:05 Leather Archer Armor
24:29 Wheelbarrow
23:40 Town Watch
27:38 Heavy Plow
29:21 Hand Cart
36:16 Imperial Age
35:31 Forging
35:22 Scale Mail Armor
35:23 Squires
35:09 Arson
35:47 Silk Road
35:30 Caravan
36:07 Thumb Ring
36:34 Ballistics
35:55 Treadmill Crane
36:16 Murder Holes
36:31 Fortified Wall
37:22 Conscription
37:05 Bracer
37:24 Chain Mail Armor
38:28 Crop Rotation
38:10 Bow Saw
39:30 Chemistry
38:16 Arrowslits
39:03 Ring Archer Armor
39:09 Iron Casting
39:04 Arbalester
40:38 Plate Mail Armor
41:08 Blast Furnace
40:37 Arbalester
42:24 Hoardings
SemperBlender
6:38 Loom
11:55 Feudal Age
12:31 Double-Bit Axe
13:38 Wheelbarrow
17:06 Castle Age
15:21 Horse Collar
18:23 Bow Saw
18:15 Heavy Plow
19:57 Fishing Lines
21:09 Hand Cart
21:09 Gold Mining
21:54 Gillnets
22:38 Scale Mail Armor
22:49 Forging
23:50 Chain Mail Armor
25:42 Gold Shaft Mining
25:52 Squires
25:38 Arson
26:52 Gambesons
27:43 Stone Mining
27:40 Town Watch
34:08 Imperial Age
35:12 Iron Casting
34:14 Elite Varangian Guard
35:25 Plate Mail Armor
34:48 Onager
35:37 Siege Engineers
37:23 Blast Furnace
37:02 Conscription
36:04 Hamask
36:48 Siege Onager
38:16 Northmen's Fury
40:38 Town Patrol
Jms
1:20 Loom
10:39 Feudal Age
11:18 Man-at-Arms
13:26 Double-Bit Axe
14:40 Horse Collar
22:13 Castle Age
20:51 Fletching
21:06 Scale Mail Armor
23:36 Bow Saw
24:15 Wheelbarrow
23:21 Long Swordsman
24:24 Chain Mail Armor
25:21 Forging
25:07 Bodkin Arrow
25:11 Elite Skirmisher
29:01 Heavy Plow
30:06 Squires
30:56 Hand Cart
33:52 Imperial Age
31:09 Town Watch
33:13 Iron Casting
34:05 Gold Mining
34:05 Stone Mining
34:24 Scale Barding Armor
34:18 Capped Ram
34:23 Two-Handed Swordsman
35:38 Conscription
36:33 Two-Man Saw
35:22 Fishing Lines
36:17 Plate Mail Armor
35:39 Siege Ram
36:27 Champion
37:23 Detinets
39:35 Blast Furnace
40:54 Ballistics
41:34 Chemistry
40:30 Murder Holes
40:46 Fortified Wall
40:53 Padded Archer Armor
42:25 Druzhina
43:40 Town Patrol
[BPG] Dragan
0:31 Loom
20:26 Feudal Age
22:21 Fletching
32:19 Castle Age
30:20 Double-Bit Axe
31:19 Horse Collar
33:19 Bow Saw
33:11 Heavy Plow
36:15 Wheelbarrow
36:49 Fishing Lines
37:42 Fishing Lines
40:52 Caravan
41:49 Squires
41:35 Arson
42:07 Scale Mail Armor
42:17 Forging
46:13 Imperial Age
Connection lost

Rejoining the realm…

Still unreachable

The connection could not be restored.

Session expired

The server has moved on; the page needs a fresh start.